 Dungeon Crawl Stone Soup version 0.27.1-2-g3b301248ec (webtiles) character file.

Game seed: 6400892887389075669

56 Mesmaeker13 the Caller (level 3, -1/36 HPs)
             Began as a Barachi Summoner on Oct 2, 2021.
             Slain by a kobold brigand (9 damage)
             ... in a sewer.
             The game lasted 00:05:07 (3466 turns).

Mesmaeker13 the Caller (Barachi Summoner)           Turns: 3466, Time: 00:05:08

Health: -1/36      AC:  3    Str:  9    XL:     3   Next: 97%
Magic:  2/7        EV: 27    Int: 16    God:
Gold:   63         SH:  0    Dex: 12    Spells: 2/8 levels left

rFire    . . .     SeeInvis .   m - +0 scimitar
rCold    . . .     Faith    .   (no shield)
rNeg     . . .     Spirit   .   a - +0 robe
rPois    .         Reflect  .   (no helmet)
rElec    .         Harm     .   (no cloak)
rCorr    .         Rampage  .   (no gloves)
Will     .....                  h - +0 pair of boots
Stlth    ..........             d - amulet of the acrobat
HPRegen  0.12/turn              (no ring)
MPRegen  0.10/turn              (no ring)

@: brilliant, berserking, lethally poisoned (-1 -> -5), acrobatic, very slightly
contaminated, slowed, invisible, slow
A: amphibious, slowness 1, strong legs 1, +LOS
a: Hop


You were in a sewer.
You visited 1 branch of the dungeon, and saw 3 of its levels.
You also visited: Sewer.

You collected 63 gold pieces.

Inventory:

Hand Weapons
 b - a +0 dagger
 m - a +0 scimitar (weapon)
Missiles
 f - 16 javelins
Armour
 a - a +0 robe (worn)
 h - a +0 pair of boots (worn)
 o - a +0 buckler
Jewellery
 d - an amulet of the acrobat (around neck)
Scrolls
 i - 2 scrolls of teleportation
 j - a scroll of brand weapon
 p - a scroll of amnesia {unknown}
 q - a scroll of noise {unknown}
Potions
 e - 2 potions of degeneration
 g - a potion of heal wounds
 k - 2 potions of haste
 n - a potion of invisibility


   Skills:
 - Level 0.1 Short Blades
 - Level 2.2 Dodging
 - Level 1.8 Stealth
 + Level 0.5 Shields
 + Level 3.1 Spellcasting
 + Level 5.7 Summonings


You had 2 spell levels left.
You knew the following spells:

 Your Spells              Type           Power      Damage    Failure   Level
a - Summon Small Mammal   Summ           100%       N/A       1%          1
b - Call Imp              Summ           31%        N/A       2%          2
c - Call Canine Familiar  Summ           31%        N/A       5%          3

Your spell library contained the following spells:

 Spells                   Type           Power      Damage    Failure   Level
 Summon Guardian Golem    Hex/Summ       17%        N/A       17%         3
 Inner Flame              Hex/Fire       3%         N/A       50%         3
 Summon Lightning Spire   Summ/Air       17%        N/A       50%         4
 Cause Fear               Hex            1%         N/A       88%         4
 Petrify                  Tmut/Erth      3%         N/A       88%         4
 Metabolic Englaciation   Hex/Ice        1%         N/A       99%         5
 Statue Form              Tmut/Erth      2%         N/A       100%        6
 Discord                  Hex            1%         N/A       100%        8


Dungeon Overview and Level Annotations

Branches:
Dungeon (3/15)              Sewer (1/1)

Altars:

Shops:
D:3 (


Innate Abilities, Weirdness & Mutations

You are amphibious.
You cover ground slowly.
You can hop short distances.
You have an extended range of vision and can be seen from far away.


Message History

The curare-tipped dart hits your crimson imp.
Something barely misses your hound.
Your hound barely misses the kobold brigand.
Your hound bites the kobold brigand but does no damage.
Your crimson imp blinks!
The kobold brigand throws a curare-tipped dart.
The curare-tipped dart misses your crimson imp.
The curare-tipped dart hits you.
You are poisoned.
You have difficulty breathing.
You feel yourself slow down. Something closely misses your hound.
Your hound bites the kobold brigand.
It was a potion of invisibility.
You fade into invisibility!
You feel very sick.
The kobold brigand barely misses your crimson imp.
Your hound bites the kobold brigand.
Something barely misses your hound.
The kobold brigand misses your crimson imp.
Your hound splashes around in the water.
Something barely misses your hound.
You are very lightly contaminated with residual magic.
It was a potion of berserk rage.
A red film seems to cover your vision as you go berserk!
You feel yourself moving faster!
You feel mighty!
You feel very sick.
Your hound bites the kobold brigand.
The kobold brigand hits your crimson imp with a +0 short sword.
Something closely misses your hound.
Your hound splashes around in the water.
You are too berserk!
You are too berserk!
Unknown command.
You swap places.
You feel a strong urge to attack something.
You feel sick.
Your hound closely misses the kobold brigand.
The kobold brigand splashes around in the water.
The kobold hits your hound with a +0 dagger.
Your hound closely misses the kobold.
The kobold brigand hits you with a +0 short sword!
You die...

##≈≈≈## #.≈≈≈.# #.≈≈≈.###
#.≈≈≈..∩# #≈≈≈≈.###
#.≈≈≈.# ##≈5≈≈.##
#################.≈≈≈≈..#
≈≈≈≈≈≈≈≈≈≈≈≈≈≈≈5@K≈≈≈≈..#
#################h.≈≈≈..#
#K.≈≈≈≈.# #≈≈≈≈≈≈.#
#≈≈≈≈≈≈≈# #≈≈≈≈≈≈.#
#.≈≈≈≈≈.# #.≈≈≈≈..#
#.......#


You could see a kobold brigand, a kobold (ally target), a friendly hound
(summoned) and 2 friendly crimson imps.

Vanquished Creatures
  A dart slug (D:2)
  An endoplasm (D:2)
  3 goblins (D:1)
  2 hobgoblins
  2 jackals (D:1)
  A quokka (D:3)
  2 ball pythons
  4 bats
  3 frilled lizards
  6 rats
25 creatures vanquished.

Vanquished Creatures (collateral kills)
  A river rat (Sewer)
  A worm (D:2)
  A dart slug (D:2)
  A bat (D:1)
  4 endoplasms
  A giant cockroach (D:3)
  5 goblins
  4 hobgoblins
  3 jackals
  A quokka (D:2)
  5 ball pythons
  6 kobolds
  4 rats
37 creatures vanquished.

Grand Total: 62 creatures vanquished

Notes
Turn   | Place    | Note
-------+----------+-------------------------------------------
     0 | D:1      | Mesmaeker13 the Barachi Summoner began the quest for the
                  | Orb.
     0 | D:1      | Reached XP level 1. HP: 13/13 MP: 3/3
   139 | D:1      | Reached skill level 5 in Summonings
   283 | D:1      | Reached XP level 2. HP: 7/19 MP: 5/5
  1374 | D:1      | Reached XP level 3. HP: 24/24 MP: 4/7
  1394 | D:1      | Found a faded altar of an unknown god.
  1542 | D:2      | Learned a level 2 spell: Call Imp
  2959 | D:3      | Learned a level 3 spell: Call Canine Familiar
  3015 | D:3      | Found Icullik's Antique Weapon Emporium.
  3179 | D:3      | Found a glowing drain.
  3206 | Sewer    | Entered a sewer
  3443 | Sewer    | Noticed a kobold brigand
  3466 | Sewer    | Slain by a kobold brigand

Illustrated notes

Levels and vault maps discovered:
D:1:      wander_arrival_chamber, layout_loops_cross, basic_ecumenical_altar
D:2:      layout_basic
D:3:      layout_rooms, serial_shops, shop, portal_sewer_entry_a
Sewer:    sewer_kobolds

Skill      XL: |  1  2  3 |
---------------+----------+-----
Summonings     | 5 |  5.7
Spellcasting   | 3 |  3.1
Short Blades   | |  0.1
Dodging        | |  2.2
Stealth        | |  1.8
Shields        | |  0.5

Action                   || total
-------------------------++-------
Melee: Dagger            ||    92
       Unarmed           ||     3
       Scimitar          ||    18
 Cast: Summon Small Mamm ||    35
       Call Imp          ||    26
       Call Canine Famil ||     2
  Use: Scroll            ||     5
       Potion            ||     3
 Stab: Sleeping          ||     3
Armor: Robe              ||    24
Dodge: Dodged            ||   126
       Rpst.: Scimitar   ||     6
